 Dungeon Crawl Stone Soup version 0.32-a0-976-g7161d331b1 (webtiles) character file.

Game seed: 3158512013211262272

3386303 jdvbjdbfj the Invulnerable (level 27, 273/273 HPs)
             Began as a Minotaur Fighter on Mar 31, 2024.
             Was the Champion of Okawaru.
             Escaped with the Orb
             ... and 5 runes on Apr 20, 2024!
             The game lasted 02:57:53 (66616 turns).

jdvbjdbfj the Invulnerable (Minotaur Fighter)      Turns: 66616, Time: 02:57:53

Health: 273/273    AC: 48    Str: 35    XL:     27
Magic:  45/45      EV: 18    Int:  5    God:    Okawaru [******]
Gold:   6596       SH: 22    Dex: 13    Spells: 55/55 levels left

rFire   + + +        M - +9 broad axe (heavy)
rCold   + . .        u - +5 kite shield
rNeg    + . .        f - +5 crystal plate armour
rPois   +            z - +2 hat
rElec   +            r - +1 cloak of Afilil {rF+ Str+3}
rCorr   +            G - +0 pair of gloves "Bepriy" {Regen+ rCorr}
SInv    .            B - +1 pair of boots "Maforoh" {rPois rCorr}
Will    +++..        d - amulet of regeneration Stlth
                     V - ring of Music {rF++ rC+ rCorr}
HPRegen 2.25/turn    Q - ring "Atziapo" {+Blink rElec rN+ MP+9 Stlth-}
MPRegen 0.29/turn

%: no passive effects
@: studying 3 skills
A: horns 2, retaliatory headbutt, iridescent scales 1, deterioration 1, low MP
1, strong-willed 1, sense surroundings 1, persistent drain
0: Orb of Zot
}: 5/15 runes: barnacled, slimy, silver, abyssal, gossamer
a: Renounce Religion, Evoke Blink, Heroism, Finesse, Duel


You escaped.
You worshipped Okawaru.
Okawaru was exalted by your worship.
You visited 13 branches of the dungeon, and saw 57 of its levels.
You visited the Abyss 4 times.
You visited 1 ziggurat, and saw 13 of its levels.
You also visited: Sewer, Ice Cave and Wizlab.

You collected 10154 gold pieces.
You spent 3558 gold pieces at shops.

Inventory:

Hand Weapons
 c - the +8 mithril axe "Arga" {speed, Will+}
   (Okawaru gifted it to you on level 13 of the Dungeon)

   Will+:     It increases your willpower.
 M - a +9 heavy broad axe (weapon)
Missiles
 O - 3 throwing nets (quivered)
Armour
 f - a +5 crystal plate armour (worn)
 k - a +2 plate armour of cold resistance
 r - the +1 cloak of Afilil (worn) {rF+ Str+3}
   (You found it on level 7 of the Dungeon)

   Str+3:     It affects your strength (+3).
   rF+:       It protects you from fire.
 u - a +5 kite shield (worn)
 z - a +2 hat (worn)
 B - the +1 pair of boots "Maforoh" (worn) {rPois rCorr}
   (You found it on level 4 of the Lair of Beasts)

   rPois:     It protects you from poison.
   rCorr:     It protects you from acid and corrosion.
 D - the +7 plate armour of the Desolation of Salt {rN+}
   (You found it on level 5 of the Pits of Slime)

   rN+:       It protects you from negative energy.
 G - the +0 pair of gloves "Bepriy" (worn) {Regen+ rCorr}
   (Okawaru gifted it to you on level 13 of the Dungeon)

   Regen+:    It increases your rate of health regeneration.
   rCorr:     It protects you from acid and corrosion.
Jewellery
 a - the ring "Fitudwo" {rN++ rCorr Str+6 Stlth-}
   (You took it off a deep elf pyromancer on level 2 of the Elven Halls)

   [ring of strength]

   Str+6:     It affects your strength (+6).
   rN++:      It greatly protects you from negative energy.
   rCorr:     It protects you from acid and corrosion.
   Stlth-:    It makes you less stealthy.
 b - the ring "Quoss" {Fly rF+ Int-3 SInv}
   (You found it on level 2 of the Depths)

   [ring of flight]

   Int-3:     It affects your intelligence (-3).
   rF+:       It protects you from fire.
   SInv:      It lets you see invisible.
   Fly:       It grants you flight.
 d - an amulet of regeneration (around neck)
 t - the ring "Wamn" {Fly rN++ Dex+5}
   (You found it on level 3 of the Crypt)

   [ring of flight]

   Dex+5:     It affects your dexterity (+5).
   rN++:      It greatly protects you from negative energy.
   Fly:       It grants you flight.
 x - a ring of see invisible
 E - the ring of Qatatext {rElec rN+ EV+5}
   (You found it on level 5 of the Pits of Slime)

   [ring of evasion]

   EV+5:      It affects your evasion (+5).
   rElec:     It insulates you from electricity.
   rN+:       It protects you from negative energy.
 F - the ring "Jofetaiwuext" {Wiz rC+ Slay+3}
   (You found it on level 5 of the Pits of Slime)

   [ring of wizardry]

   Wiz:       It improves your spell success rate.
   Slay+3:    It affects your accuracy & damage with ranged weapons and melee
   (+3).
   rC+:       It protects you from cold.
 H - an amulet of reflection
 L - the ring of the Hare {EV+10}
   (You took it off a deep elf zephyrmancer on level 3 of the Elven Halls)

   [ring of evasion]

   EV+10:     It affects your evasion (+10).
 Q - the ring "Atziapo" (right hand) {+Blink rElec rN+ MP+9 Stlth-}
   (You found it on level 5 of the Vaults)

   [ring of positive energy]

   rElec:     It insulates you from electricity.
   rN+:       It protects you from negative energy.
   MP+9:      It affects your magic capacity (+9).
   +Blink:    It lets you blink.
   Stlth-:    It makes you less stealthy.
 U - the ring of Picacs {Fly rC+ rN++ Dex-3}
   (You found it on level 1 of the Vaults)

   [ring of flight]

   Dex-3:     It affects your dexterity (-3).
   rC+:       It protects you from cold.
   rN++:      It greatly protects you from negative energy.
   Fly:       It grants you flight.
 V - the ring of Music (left hand) {rF++ rC+ rCorr}
   (You found it on level 1 of the Shoals)

   [ring of resist corrosion]

   rF++:      It greatly protects you from fire.
   rC+:       It protects you from cold.
   rCorr:     It protects you from acid and corrosion.
 Y - the ring "Rikhahan" {^Contam rF- rN++ rCorr Int+6 Slay+4}
   (You found it on level 3 of the Crypt)

   [ring of intelligence]

   Int+6:     It affects your intelligence (+6).
   Slay+4:    It affects your accuracy & damage with ranged weapons and melee
   (+4).
   rF-:       It makes you vulnerable to fire.
   rN++:      It greatly protects you from negative energy.
   ^Contam:   It causes magical contamination when unequipped.
   rCorr:     It protects you from acid and corrosion.
Wands
 n - a wand of quicksilver (47)
 s - a wand of digging (49)
 R - a wand of roots (60)
Scrolls
 g - 5 scrolls of silence
 p - 16 scrolls of teleportation
 v - 6 scrolls of immolation
 y - 8 scrolls of fog
 A - 4 scrolls of fear
 C - 9 scrolls of revelation
 K - 9 scrolls of blinking
Potions
 e - 10 potions of curing
 i - 4 potions of magic
 l - 11 potions of enlightenment
 I - a potion of mutation
 P - 7 potions of cancellation
Miscellaneous
 j - a lightning rod (4/4)
 m - a phial of floods
 T - a condenser vane


   Skills:
 O Level 27 Fighting
 O Level 27 Axes
 O Level 27 Armour
 O Level 27 Dodging
 O Level 27 Shields
 + Level 14.7 Spellcasting
 - Level 10.0 Invocations


You had 55 spell levels left.
You didn't know any spells.
Your spell library contained the following spells:

 Spells                   Type           Power      Damage    Failure   Level
 Apportation              Tloc           6%         N/A       45%         1
 Kiss of Death            Conj/Necr      12%        2d6       45%         1
 Necrotise                Necr           12%        1d4       45%         1
 Sandblast                Erth           6%         2d5       45%         1
 Shock                    Conj/Air       12%        1d3       45%         1
 Sting                    Conj/Alch      12%        1d3       45%         1
 Blink                    Tloc           6%         N/A       58%         2
 Cigotuvi's Dreadful Rot  Necr/Alch/Air  6%         N/A       58%         2
 Ensorcelled Hibernation  Hex/Ice        6%         N/A       58%         2
 Lesser Beckoning         Tloc           6%         N/A       58%         2
 Mercury Vapours          Alch/Air       6%         N/A       58%         2
 Momentum Strike          Conj/Tloc      6%         3d8       58%         2
 Scorch                   Fire           6%         2d5       58%         2
 Sublimation of Blood     Necr           3%         N/A       58%         2
 Confusing Touch          Hex            3%         N/A       83%         3
 Dazzling Flash           Conj/Hex       6%         N/A       83%         3
 Fugue of the Fallen      Necr           3%         N/A       83%         3
 Hailstorm                Conj/Ice       3%         3d5       83%         3
 Inner Flame              Hex/Fire       3%         N/A       83%         3
 Mephitic Cloud           Conj/Alch/Air  3%         N/A       83%         3
 Ozocubu's Armour         Ice            3%         N/A       83%         3
 Passwall                 Erth           3%         N/A       83%         3
 Sigil of Binding         Hex            3%         N/A       83%         3
 Stone Arrow              Conj/Erth      6%         3d7       83%         3
 Swiftness                Air            3%         N/A       83%         3
 Teleport Other           Tloc           3%         N/A       83%         3
 Vampiric Draining        Necr           3%         2d6       83%         3
 Volatile Blastmotes      Fire/Tloc      6%         2d10      83%         3
 Airstrike                Air            1%         2d(1-17)  99%         4
 Anguish                  Hex/Necr       1%         N/A       99%         4
 Brom's Barrelling Bould  Conj/Erth      3%         2d3       99%         4
 Cause Fear               Hex            1%         N/A       99%         4
 Dimensional Bullseye     Hex/Tloc       1%         N/A       99%         4
 Dispel Undead            Necr           3%         3d7       99%         4
 Flame Wave               Conj/Fire      3%         2d5       99%         4
 Iskenderun's Mystic Bla Conj/Tloc 3%             2d3        (+2d1     99%         4
 Passage of Golubria      Tloc           3%         N/A       99%         4
 Sticky Flame             Fire/Alch      3%         2d4       99%         4
 Vhi's Electric Charge    Tloc/Air       6%         N/A       99%         4
 Alistair's Intoxication  Alch           2%         N/A       100%        5
 Arcjolt                  Conj/Air       1%         1d11      100%        5
 Borgnjor's Vile Clutch   Necr/Erth      1%         N/A       100%        5
 Curse of Agony           Necr           3%         N/A       100%        5
 Fireball                 Conj/Fire      1%         3d3       100%        5
 Freezing Cloud           Conj/Ice/Air   1%         6-21      100%        5
 Irradiate                Conj/Alch      1%         3d12      100%        5
 Iskenderun's Battlesphe  Conj           3%         2d6       100%        5
 Silence                  Hex/Air        1%         N/A       100%        5
 Yara's Violent Unravell  Hex/Alch       1%         3d3       100%        5
 Bombard                  Conj/Erth      1%         9d1       100%        6
 Conjure Ball Lightning   Conj/Air       1%         3x3d6     100%        6
 Dispersal                Tloc           1%         N/A       100%        6
 Eringya's Noxious Bog    Alch           1%         4d6       100%        6
 Gell's Gavotte           Tloc           1%         2d(12-17) 100%        6
 Permafrost Eruption      Ice/Erth       1%         2x4d2     100%        6
 Plasma Beam              Fire/Air       1%         2x1d11    100%        6
 Starburst                Conj/Fire      1%         6d3       100%        6
 Enfeeble                 Hex            1%         N/A       100%        7
 Manifold Assault         Tloc           1%         N/A       100%        7
 Orb of Destruction       Conj           1%         9d5       100%        7
 Ozocubu's Refrigeration  Ice            1%         4d7       100%        7
 Borgnjor's Revivificati  Necr           1%         N/A       100%        8
 Discord                  Hex            1%         N/A       100%        8
 Disjunction              Tloc           1%         N/A       100%        8
 Ignition                 Fire           1%         3d3       100%        8
 Lehudib's Crystal Spear  Conj/Erth      1%         10d2      100%        8
 Maxwell's Capacitive Co  Air            1%         ∞         100%        8
 Death's Door             Necr           1%         N/A       100%        9
 Polar Vortex             Ice            1%         N/A       100%        9
 Summon Small Mammal      Summ           Unusable   N/A       N/A         1
 Call Imp                 Summ           Unusable   N/A       N/A         2
 Call Canine Familiar     Summ           Unusable   N/A       N/A         3
 Summon Ice Beast         Ice/Summ       Unusable   N/A       N/A         3
 Tukima's Dance           Hex            Unusable   N/A       N/A         3
 Animate Dead             Necr           Unusable   N/A       N/A         4
 Martyr's Knell           Necr/Summ      Unusable   N/A       N/A         4
 Death Channel            Necr           Unusable   N/A       N/A         6
 Sculpt Simulacrum        Ice/Alch       Unusable   N/A       N/A         6
 Summon Cactus Giant      Summ           Unusable   N/A       N/A         6
 Haunt                    Necr/Summ      Unusable   N/A       N/A         7
 Summon Hydra             Summ           Unusable   N/A       N/A         7
 Infestation              Necr           Unusable   N/A       N/A         8

Dungeon Overview and Level Annotations

Branches:
Dungeon (15/15)            Temple (1/1) D:6            Lair (5/5) D:10
 Shoals (4/4) Lair:3       Spider (4/4) Lair:2        Slime (5/5) Lair:4
    Orc (2/2) D:10            Elf (3/3) Orc:2        Vaults (5/5) D:13
  Crypt (3/3) Vaults:3       Tomb (0/3) Crypt:3      Depths (4/4) D:15
   Hell (visited)             Tar (0/7) Hell            Zot (5/5) Depths:4
  Sewer (visited)           IceCv (visited)          WizLab (visited)
    Dis: Hell:1         Geh: Hell:1         Coc: Hell:1

Altars:
Ashenzari
Cheibriados
Dithmenos
Elyvilon
Fedhas
Gozag
Hepliaklqana
Kikubaaqudgha
Makhleb
Nemelex Xobeh
Okawaru
Qazlal
Ru
Sif Muna
Trog
Uskayaw
Vehumet
Wu Jian
Xom
Yredelemnul
Zin
The Shining One
Beogh
Jiyva

Shops:
D:3 :   D:4 [   D:5 :   Orc:2 [=:[   Elf:3 (   Shoals:1 ?   Shoals:3 =
Shoals:4 (   Vaults:5 [=*?   Depths:2 *   Depths:4 [:*?(

Portals:
Hell: Depths:1 Depths:2 Depths:3 Depths:4
Abyss: Depths:2 Depths:3 Depths:4
Pandemonium: Depths:2

Annotations:
D:4 2 runed translucent doors
Depths:1 3 runed translucent doors, Hauff's ghost, veteran GrEE; Pewaar's ghost, journeyman DsNe
Hell exclusion: ice statue


Innate Abilities, Weirdness & Mutations

You have a pair of horns on your head.
You reflexively headbutt those who attack you in melee.
You are partially covered in iridescent scales. (AC +2)
Your body sometimes deteriorates upon taking damage.
Your magical capacity is low. (-10% MP)
You are strong-willed. (Will+)
You passively map a small area around you.
Your health recovers twice as slowly from being drained.


Message History

Unknown command.
The hell hog squeals angrily. x2
You climb upwards.
Level annotation: 2 runed translucent doors
There is a stone staircase leading down here.
Aiming: Dig
Press: ? - help, Shift-Dir - straight line A rock wall.
This square is covered in magical glow.
The rock shatters into small pieces.
There is a stone staircase leading up here.
You climb upwards.
There is a stone staircase leading down here.
There is an escape hatch in the ceiling here.
A mysterious force pulls you upwards. The hatch slams shut behind you.
There is a large open door here.
A ynoxinul comes into view.
You close the large door.
The ynoxinul moves out of view.
Something unseen breaks down the large door.
The ynoxinul gestures.
There is a stone staircase leading up here.
You climb upwards.
There is a stone staircase leading down here.
Unknown command.
Unknown command.
Aiming: Dig
Press: ? - help, Shift-Dir - straight line This square is covered in magical glow.
The rock shatters into small pieces.
Aiming: Dig
Press: ? - help, Shift-Dir - straight line A rock wall.
This square is covered in magical glow.
The rock shatters into small pieces.
There is a staircase leading out of the dungeon here.
You start waiting.
A Kucrob, a sixfirhy, a lich and a Brimstone Fiend come into view.
Unknown command.
The lich shouts!
The Brimstone Fiend roars!
You have escaped!

#...#......###.# #...#.)
#.#.....##.....# #...#..
#.###########.## #.###.# #.####
#####.# ###### #......
#....####....3###....#######.#
#.....##......##......######.#
####..##..##.L##..##..##......
#.)##..#.&..#..##..##.###.. ##
#..##..#.1@.#..##..##.#.... .#
#..##..##..##..##..##.#.##. .#
#......##......##.......#P. .#
##....####....####....#..P. .#
###### ###### ####.'..P. .#
#########.#..P. .######
#.......#.#..PP
......#############.#.....#.#..P.
......##.........##.##.####.##.PP


You could see Kucrob, a Brimstone Fiend, a lich and a sixfirhy.

Vanquished Creatures
  the Royal Jelly (Slime:5)
  9 dread liches
  Khufu (Crypt:1)
  Frederick (Crypt:1)
  5 ancient liches
  4 orbs of fire (Zot:5)
  A pandemonium lord (D:6)
  2 royal mummies
  Josephina (Crypt:2)
  3 Killer Klowns (Zot:5)
  Geryon (Hell)
  3 caustic shrikes (Zig:12)
  2 curse toes
  8 golden dragons
  Nikola (Shoals:2)
  The ghost of mojasp the Fetichist, a veteran CoGl of Cheibriados (Elf:1)
  5 bone dragons
  A profane servitor (Crypt:3)
  4 electric golems
  A Tzitzimitl (D:6)
  A Brimstone Fiend (Zig:5)
  2 hellephants
  3 Hell Sentinels
  18 tentacled monstrosities
  An Ice Fiend (Depths:2)
  Zenata (Vaults:1)
  9 liches
  2 deep elf master archers (Elf:3)
  2 deep elf blademasters (Elf:3)
  4 titans
  25 Orb Guardians (Zot:5)
  17 death cobs
  17 acid blobs
  2 Executioners
  A walking divine tome (Abyss:3)
  Murray (Depths:4)
  2 sphinxes
  5 krakens
  2 eldritch tentacles (Abyss:3)
  11 tentacled starspawn
  11 quicksilver dragons
  6 ancient champions
  A tengu reaver (Vaults:5)
  19 storm dragons
  4 rockslimes
  12 shadow dragons
  Ilsuiw (Shoals:4)
  9 draconian monks
  11 azure jellies
  3 nagarajas (Zig:9)
  7 draconian knights
  2 emperor scorpions (Spider:4)
  10 fire giants
  A daeva (Zig:11)
  The ghost of grizmgrazm2 the Blocker, a journeyman GnSh of Vehumet (Orc:1)
  3 revenants
  13 frost giants
  A protean progenitor (Zot:2)
  An iron dragon (Depths:3)
  6 draconian scorchers
  12 draconian shifters
  9 deep elf sorcerers
  A ghost moth (Zot:1)
  A balrug (Zig:5)
  The ghost of grizmgrazm2 the Brawler, a journeyman TrFi of Wu Jian (Orc:1)
  7 deep elf elementalists (Elf:3)
  A juggernaut zombie (Depths:3)
  5 ghouls
  16 vault wardens
  7 reapers
  A curse skull (Crypt:2)
  5 orc warlords
  13 ironbound preservers
  5 quicksilver oozes
  4 formless jellyfish
  2 demonspawn corrupters
  3 draconian annihilators
  7 vampire knights
  2 broodmothers
  An angel (Zig:11)
  3 cacodemons
  8 draconian stormcallers
  20 very ugly things
  15 stone giants
  10 deep elf demonologists
  9 deep elf death magi
  A starflower (Abyss:3)
  3 lorocyprocas
  10 ironbound thunderhulks
  14 purple draconians
  The ghost of kuniqs the Carver, a journeyman DsGl of Yredelemnul (D:15)
  9 green draconians
  4 war gargoyles
  8 spark wasps
  8 deep elf annihilators (Elf:3)
  14 black draconians
  14 white draconians
  10 red draconians
  17 dire elephants
  4 orange crystal statues
  13 ettins
  A spectral quicksilver dragon (Crypt:3)
  10 merfolk impalers
  11 yellow draconians
  2 iron golems (Depths:4)
  A quicksilver dragon zombie (Crypt:1)
  5 merfolk javelineers (Shoals:4)
  4 eidola
  A crystal guardian (Depths:4)
  17 jiangshi
  2 mummy priests (Crypt:3)
  11 fire dragons
  2 spriggan zombies
  8 entropy weavers
  12 yaktaur captains
  8 deep elf high priests
  A green death (Depths:2)
  3 salamander tyrants
  8 great orbs of eyes
  2 hydras
  11 centaur warriors
  4 rakshasas
  6 spriggan air magi
  33 vault guards
  8 ogre magi
  A catoblepas (D:14)
  4 hell beasts
  2 spriggan skeletons
  4 boulder beetles
  13 ice dragons
  3 jorogumos
  7 merfolk avatars
  A sphinx zombie (Vaults:2)
  11 ironbound frosthearts
  An alligator snapping turtle (Shoals:4)
  42 dancing weapons
  3 satyrs
  6 hell hogs
  4 anacondas
  4 demonic crawlers
  21 two-headed ogres
  4 tengu warriors
  3 merfolk aquamancers (Shoals:4)
  A spectral stone giant (Crypt:3)
  A two-headed ogre (shapeshifter) (Vaults:5)
  5 death knights
  7 death yaks
  The ghost of Jano the Arsonist, a novice MDFE of Gozag (Orc:1)
  5 deep troll shamans
  A radroach (Spider:4)
  5 orc high priests
  A sphinx skeleton (Vaults:2)
  15 vampire magi
  9 deep troll earth magi
  19 thrashing horrors
  2 naga warriors
  A spectral storm dragon (D:15)
  Urug (Lair:5)
  An Orb Guardian skeleton (Crypt:2)
  2 spriggan berserkers (Depths:2)
  6 occultists
  19 deep elf knights
  A titan skeleton (Depths:3)
  18 hell knights
  A naga sharpshooter (Zig:9)
  4 soul eaters
  5 shock serpents
  7 sun demons
  40 skeletal warriors
  4 sixfirhies (Abyss:3)
  A skyshark (shapeshifter) (Vaults:5)
  9 skysharks
  A golden dragon zombie (Depths:3)
  42 deep trolls
  10 wretched stars
  2 pharaoh ants
  2 spatial maelstroms
  7 iron trolls
  2 storm dragon skeletons (D:15)
  2 anaconda zombies
  8 sea snakes
  5 glowing orange brains
  A quicksilver dragon simulacrum (Crypt:2)
  A spriggan druid (Zig:12)
  8 arcanists
  A death drake (Abyss:3)
  4 salamander mystics
  18 deep elf archers
  3 shadow wraiths (Crypt:3)
  A shadow demon (Abyss:3)
  A death drake (shapeshifter) (Vaults:5)
  11 orb spiders
  10 flayed ghosts
  A naga ritualist (Zig:9)
  5 sun moths
  4 bog bodies (Crypt:3)
  4 steelbarb worms
  Pikel (D:6)
  4 swamp dragons
  12 lindwurms
  39 deep elf zephyrmancers
  An obsidian statue (Zig:6)
  29 harpies
  A mana viper (Abyss:2)
  16 ironbound convokers
  13 phantasmal warriors
  4 thermic dynamos
  A lindwurm (shapeshifter) (Vaults:5)
  45 deep elf pyromancers
  15 orc knights
  5 lightning spires (Zot:1)
  11 shining eyes
  3 oklob plants (Lair:1)
  An iron dragon zombie (Crypt:2)
  9 necromancers
  A stone giant zombie (Depths:1)
  15 manticores
  36 ugly things
  A faun (shapeshifter) (Vaults:5)
  A glowing shapeshifter (Depths:2)
  3 orc sorcerers
  8 cyclopes
  A shining eye (shapeshifter) (Vaults:5)
  16 wolf spiders
  22 large abominations
  2 fire giant zombies
  A spectral spriggan (D:15)
  A will-o-the-wisp (Abyss:3)
  A worldbinder (Abyss:3)
  12 fauns
  A draconian (Abyss:3)
  A meliai (Spider:4)
  2 centaur zombies
  11 apocalypse crabs
  16 black mambas
  A dire elephant zombie (Hell)
  25 moths of wrath
  15 elephants
  A water nymph (shapeshifter) (Depths:2)
  15 salamanders
  An alligator snapping turtle zombie (Crypt:2)
  2 guardian serpents
  4 water nymphs
  3 kobold blastminers (Orc:2)
  12 merfolk sirens
  A rust devil (Abyss:3)
  A torpor snail (shapeshifter) (Vaults:5)
  22 vault sentinels
  2 ice statues
  2 eyes of devastation (Slime:5)
  A titan simulacrum (Crypt:2)
  20 cane toads
  A dire elephant skeleton (Crypt:2)
  15 smoke demons
  7 torpor snails
  4 orange demons
  A hellion (Depths:1)
  Maggie (D:7)
  An unseen horror (shapeshifter) (D:14)
  An unseen horror zombie (Crypt:1)
  11 rime drakes
  2 efreet
  A sea snake zombie (Hell)
  3 kobold demonologists (D:12)
  19 yaktaurs
  A yellow draconian skeleton (Crypt:1)
  10 freezing wraiths
  3 unseen horrors
  A tengu conjurer (Depths:2)
  A tormentor (Zig:5)
  9 ice devils
  13 komodo dragons
  7 guardian mummies (Crypt:3)
  A yaktaur skeleton (Vaults:2)
  10 ancient zymes
  74 starcursed masses
  A harpy zombie (Hell)
  31 merfolk
  12 trolls
  2 golden dragon simulacra (D:15)
  2 hydra zombies (Hell)
  A spectral harpy (Crypt:3)
  5 wind drakes
  7 hornets
  A moth of wrath zombie (Crypt:2)
  15 polar bears
  Grinder (D:3)
  Prince Ribbit (D:5)
  2 hydra skeletons (Hell)
  A tarantella (shapeshifter) (Abyss:3)
  20 blink frogs
  4 raiju
  9 dream sheep
  23 tarantellas
  A jumping spider zombie (Crypt:2)
  A stone giant simulacrum (Crypt:2)
  5 glass eyes
  A harpy skeleton (Crypt:1)
  2 glass eyes (shapeshifter)
  4 snapping turtles
  13 jumping spiders
  An ettin zombie (Crypt:1)
  80 slime creatures
  A snapping turtle (shapeshifter) (Vaults:5)
  4 air elementals
  Sigmund (D:2)
  18 culicivoras
  2 ettin skeletons
  13 wraiths
  7 shadows
  5 ynoxinuls
  18 water elementals
  3 vampires (Vaults:3)
  2 spriggans (Depths:2)
  9 wyverns
  6 humans (D:13)
  Grum (D:10)
  5 basilisks
  7 wargs
  18 golden eyes
  59 yaks
  A redback (shapeshifter) (Vaults:5)
  4 vampire mosquitoes (D:13)
  43 redbacks
  2 chaos spawn (Abyss:3)
  3 neqoxecs
  6 steam dragons
  3 harpy simulacra
  Menkaure (D:4)
  2 nagas
  5 spriggan simulacra
  A tengu zombie (Depths:1)
  A human zombie (D:15)
  A spatial vortex (Abyss:3)
  Duvessa (D:5)
  An acid dragon (Lair:5)
  A hell hound (Abyss:3)
  31 orc warriors
  29 water moccasins
  A deep troll skeleton (Crypt:1)
  4 swamp drakes
  A snapping turtle zombie (Crypt:2)
  5 ice beasts (D:8)
  7 black bears
  19 laughing skulls
  3 sky beasts
  A black mamba simulacrum (Crypt:2)
  32 ogres
  41 wolves
  13 centaurs
  4 lemures
  Blork the orc (D:5)
  4 kobold brigands
  11 weeping skulls
  A glowing shapeshifter simulacrum (Depths:3)
  A brain worm (Abyss:2)
  15 bullfrogs
  2 gnoll sergeants
  2 earth elementals (Elf:2)
  4 scorpions
  20 small abominations
  4 burial acolytes (Crypt:3)
  14 wights
  Dowan (D:5)
  4 killer bees (D:9)
  A shapeshifter skeleton (Crypt:2)
  9 howler monkeys
  A troll skeleton (Crypt:1)
  2 bombardier beetles
  2 electric eels (Lair:4)
  4 quasits (Abyss:3)
  A wyvern simulacrum (D:8)
  3 jellies
  A gnoll bouda (D:6)
  4 hounds
  14 orc priests
  5 sleepcaps
  4 iron imps
  Terence (D:3)
  5 iguanas
  26 orc wizards
  3 hell rats (D:10)
  A sky beast zombie (Crypt:1)
  A centaur simulacrum (D:8)
  3 mummies
  Robin (D:3)
  A howler monkey zombie (Crypt:1)
  9 gnolls
  10 adders
  2 river rats
  A shadow imp (Abyss:2)
  3 white imps
  A howler monkey simulacrum (D:8)
  7 ufetubi
  3 dart slugs
  A ribbon worm (D:4)
  69 orcs
  4 bats
  13 endoplasms
  9 giant cockroaches
  8 hobgoblins
  12 jackals
  14 ball pythons
  5 frilled lizards
  A frilled lizard skeleton (Crypt:1)
  15 goblins
  2 hobgoblin skeletons
  20 kobolds
  6 rats
  A river rat skeleton (Crypt:1)
  An aspiring flesh (Zot:2)
  8 fire vortices (Zig:2)
  19 starspawn tentacles
  27 tentacles
3079 creatures vanquished.

Vanquished Creatures (others)
  A pandemonium lord (Zig:2)
  A kraken (Shoals:2)
  An eldritch tentacle (Abyss:3)
  3 draconian knights
  A curse skull (Zig:6)
  2 draconian shifters (Zot:1)
  A yellow draconian (Zot:3)
  A deep elf annihilator (Elf:3)
  A bunyip (Abyss:3)
  2 merfolk impalers (Shoals:2)
  An ice dragon (Zot:3)
  A vault guard (D:13)
  A deep elf knight (Elf:2)
  A vampire mage (Zig:6)
  A deep elf pyromancer (Elf:1)
  A deep elf zephyrmancer (Elf:1)
  A naga mage (Zig:7)
  A yaktaur (Vaults:4)
  A tarantella (Spider:4)
  5 dream sheep (D:4)
  An air elemental (Zot:1)
  A water elemental (Elf:1)
  A laughing skull (Abyss:3)
  A brain worm (Abyss:3)
  An ufetubus (Abyss:3)
  4 foxfires (Abyss:3)
  23 starspawn tentacles
  38 tentacles
98 creatures vanquished.

Grand Total: 3177 creatures vanquished

Notes
Turn   | Place    | Note
-------+----------+-------------------------------------------
     0 | D:1      | jdvbjdbfj the Minotaur Fighter began the quest for the Orb.
     0 | D:1      | Reached XP level 1. HP: 19/19 MP: 0/0
    54 | D:1      | Reached XP level 2. HP: 27/27 MP: 1/1
   553 | D:1      | Reached skill level 1 in Dodging
   676 | D:1      | Found a faded altar of an unknown god.
   683 | D:1      | Reached XP level 3. HP: 33/33 MP: 2/2
   972 | D:2      | Noticed Sigmund
  1087 | D:2      | Killed Sigmund
  1088 | D:2      | Reached XP level 4. HP: 19/41 MP: 3/3
  1088 | D:2      | Reached XP level 5. HP: 22/47 MP: 4/4
  1771 | D:3      | Found Didwijay's Book Emporium.
  1771 | D:3      | Noticed Terence
  1789 | D:3      | Killed Terence
  1794 | D:3      | Reached XP level 6. HP: 55/55 MP: 5/5
  1826 | D:3      | Reached skill level 5 in Armour
  1826 | D:3      | Reached skill level 5 in Shields
  1829 | D:3      | Reached skill level 5 in Fighting
  1885 | D:3      | Noticed Robin
  1904 | D:3      | Killed Robin
  2076 | D:3      | Noticed Grinder
  2081 | D:3      | Found an ornate altar of the Wu Jian Council.
  2085 | D:3      | Paralysed by Grinder for 3 turns
  2091 | D:3      | Killed Grinder
  2092 | D:3      | Reached XP level 7. HP: 26/61 MP: 6/6
  2176 | D:3      | Found a glowing drain.
  2185 | Sewer    | Entered a sewer
  2483 | Sewer    | Reached skill level 5 in Axes
  2594 | Sewer    | Found a white marble altar of Elyvilon.
  2770 | D:3      | Found an iron altar of Okawaru.
  2785 | D:3      | Became a worshipper of Warmaster Okawaru
  2986 | D:3      | Found a blossoming altar of Fedhas.
  3120 | D:4      | Found a shadowy altar of Dithmenos.
  3234 | D:4      | Found Cepnapey's Antique Armour Shoppe.
  3359 | D:4      | Noticed Menkaure
  3369 | D:4      | Killed Menkaure
  3377 | D:4      | Reached XP level 8. HP: 57/70 MP: 7/7
  3534 | D:4      | Found a sparkling altar of Nemelex Xobeh.
  3592 | D:4      | Found a white marble altar of Elyvilon.
  3683 | D:4      | Found a large runed translucent door.
  3683 | D:4      | Found a large runed translucent door.
  3712 | D:4      | Reached * piety under Okawaru
  3731 | D:4      | Found a large runed translucent door.
  3731 | D:4      | Found a large runed translucent door.
  4040 | D:4      | Reached skill level 5 in Dodging
  4312 | D:4      | Noticed a dream sheep
  4312 | D:4      | Noticed a dream sheep
  4312 | D:4      | Noticed a dream sheep
  4312 | D:4      | Noticed a dream sheep
  4312 | D:4      | Noticed a dream sheep
  4312 | D:4      | Found a shimmering altar of Xom.
  4315 | D:4      | Killed a dream sheep
  4315 | D:4      | Killed a dream sheep
  4315 | D:4      | Killed a dream sheep
  4315 | D:4      | Killed a dream sheep
  4315 | D:4      | Killed a dream sheep
  4495 | D:5      | Entered Level 5 of the Dungeon
  4522 | D:5      | Identified the +3 leather armour of Gravitas {Harm rF+ rN+
                  | rCorr}
  4571 | D:5      | Noticed Dowan
  4572 | D:5      | Noticed Duvessa
  4581 | D:5      | Killed Duvessa
  4587 | D:5      | Killed Dowan
  4588 | D:5      | Reached XP level 9. HP: 32/79 MP: 8/8
  5065 | D:5      | Found a hide-covered altar of Uskayaw.
  5069 | D:5      | Found a basalt altar of Yredelemnul.
  5099 | D:5      | Reached ** piety under Okawaru
  5148 | D:5      | Noticed Blork the orc
  5150 | D:5      | Found a faded altar of an unknown god.
  5150 | D:5      | Found a hazy altar of Hepliaklqana.
  5156 | D:5      | Killed Blork the orc
  5356 | D:5      | Found Pozeage's Tiny Tomes.
  5648 | D:6      | Noticed Pikel
  5649 | D:6      | Noticed Prince Ribbit
  5812 | D:5      | Killed Prince Ribbit
  5923 | D:6      | Killed Pikel
  6133 | D:6      | Found a staircase to the Ecumenical Temple.
  6184 | Temple   | Entered the Ecumenical Temple
  6776 | D:7      | Reached *** piety under Okawaru
  6777 | D:7      | Reached XP level 10. HP: 72/90 MP: 9/9
  6897 | D:7      | Found an opulent altar of Gozag.
  6946 | D:7      | Identified the +1 cloak of Afilil {rF+ Str+3}
  6967 | D:7      | Noticed Maggie
  6975 | D:7      | Killed Maggie
  7243 | D:7      | Found a bloodstained altar of Trog.
  7369 | D:7      | Got the Commentary on Ghoulish Breath
  7650 | D:8      | Reached **** piety under Okawaru
  8070 | D:8      | Found a radiant altar of Vehumet.
  8077 | D:8      | Found an ancient bone altar of Kikubaaqudgha.
  8087 | D:8      | Found a shimmering blue altar of Sif Muna.
  8518 | D:8      | Reached ***** piety under Okawaru
  8693 | D:9      | Noticed a two-headed ogre
  8703 | D:9      | Killed a two-headed ogre
  8704 | D:9      | Reached XP level 11. HP: 62/99 MP: 10/10
  8758 | D:9      | Reached skill level 10 in Armour
  8758 | D:9      | Reached skill level 10 in Shields
  8859 | D:9      | Reached skill level 10 in Fighting
  9326 | D:9      | Found a snail-covered altar of Cheibriados.
  9656 | D:10     | Entered Level 10 of the Dungeon
  9677 | D:10     | Paralysed by a hornet for 3 turns
  9685 | D:10     | Received a gift from Okawaru
  9875 | D:10     | Found a staircase to the Orcish Mines.
  9933 | D:10     | Reached skill level 10 in Axes
  9962 | D:10     | Paralysed by a hornet for 3 turns
 10172 | D:10     | Noticed a death yak
 10200 | D:10     | Killed a death yak
 10239 | D:10     | Found a staircase to the Lair.
 10505 | D:10     | Noticed Grum
 10516 | D:10     | Killed Grum
 10775 | D:11     | Received a gift from Okawaru
 10951 | D:11     | Noticed a two-headed ogre
 10959 | D:11     | Killed a two-headed ogre
 11531 | D:12     | Noticed a sixfirhy
 11635 | D:12     | Reached XP level 12. HP: 76/110 MP: 11/11
 11777 | D:12     | Noticed a two-headed ogre
 11785 | D:12     | Killed a two-headed ogre
 11991 | D:12     | Reached skill level 10 in Dodging
 12028 | D:12     | Noticed a two-headed ogre
 12033 | D:12     | Killed a two-headed ogre
 12625 | D:13     | Noticed a vault guard
 12625 | D:13     | Noticed a vault guard
 12625 | D:13     | Noticed a vault guard
 12625 | D:13     | Noticed a vault guard
 12672 | D:13     | Killed a vault guard
 12686 | D:13     | Killed a vault guard
 12686 | D:13     | Reached ****** piety under Okawaru
 12882 | D:12     | Killed a vault guard
 12882 | D:12     | Received a gift from Okawaru
 12965 | D:13     | Killed a vault guard
 13040 | D:13     | Killed a vault guard
 13335 | D:13     | Noticed a vault guard
 13341 | D:13     | Killed a vault guard
 13367 | D:13     | Noticed a centaur warrior
 13375 | D:13     | Killed a centaur warrior
 13392 | D:13     | You fall into a shaft and drop 1 floor!
 13414 | D:14     | Received a gift from Okawaru
 13813 | D:13     | Found a blossoming altar of Fedhas.
 13924 | D:13     | Identified the +9 glaive of Tonom {drain, rC+ rCorr}
 13994 | D:13     | Found a gate to the Vaults.
 14060 | D:13     | Noticed a centaur warrior
 14066 | D:13     | Killed a centaur warrior
 14067 | D:13     | Reached XP level 13. HP: 79/117 MP: 12/12
 14283 | D:13     | Acquired the +8 mithril axe "Arga" {speed, Will+}
 14283 | D:13     | Received a gift from Okawaru
 14283 | D:13     | Found the +8 mithril axe "Arga" {speed, Will+}
 14285 | D:13     | Acquired the +0 pair of gloves "Bepriy" {Regen+ rCorr}
 14285 | D:13     | Received a gift from Okawaru
 14569 | D:14     | Received a gift from Okawaru
 15002 | D:14     | Found a shimmering blue altar of Sif Muna.
 15147 | Lair:1   | Entered Level 1 of the Lair of Beasts
 15642 | Lair:1   | Found a frozen archway.
 15667 | IceCv    | Entered an ice cave
 15735 | IceCv    | Received a gift from Okawaru
 15905 | IceCv    | Noticed a frost giant
 15936 | IceCv    | Killed a frost giant
 16314 | Lair:1   | Reached XP level 14. HP: 120/130 MP: 13/13
 17189 | Lair:2   | Gained mutation: Your system is resistant to poisons.
                  | (rPois) [potion of mutation]
 17242 | Lair:2   | Received a gift from Okawaru
 17299 | Lair:2   | Found a hole to the Spider Nest.
 17575 | Lair:2   | Found the +8 whip "Snakebite" {venom, curare, rPois}
 17782 | Lair:2   | Identified a scroll of acquirement
 17782 | Lair:2   | Acquired a +5 heavy broad axe
 18210 | Lair:3   | Found a staircase to the Shoals.
 18319 | Lair:3   | Identified the +2 ring mail of the Slightly Bent {Harm
                  | rElec Int+2}
 18578 | Lair:3   | Received a gift from Okawaru
 19108 | Lair:4   | Found a viscous altar of Jiyva.
 19108 | Lair:4   | Found a staircase to the Slime Pits.
 19481 | Lair:4   | Identified the +1 pair of boots "Maforoh" {rPois rCorr}
 19954 | Lair:5   | Entered Level 5 of the Lair of Beasts
 20156 | Lair:5   | Received a gift from Okawaru
 20303 | Lair:5   | Reached XP level 15. HP: 136/139 MP: 14/14
 20331 | Lair:5   | Reached skill level 15 in Armour
 20468 | Lair:5   | Reached skill level 15 in Shields
 20498 | Lair:5   | Reached skill level 15 in Fighting
 20528 | Lair:5   | Noticed Urug
 20683 | Lair:5   | Received a gift from Okawaru
 20766 | Lair:5   | Reached skill level 15 in Axes
 20907 | Lair:5   | Killed Urug
 21281 | Orc:1    | Entered Level 1 of the Orcish Mines
 21536 | Orc:1    | Found a runed translucent gate.
 21536 | Orc:1    | Found a runed translucent gate.
 21536 | Orc:1    | Found a runed translucent gate.
 21541 | Orc:1    | Noticed grizmgrazm2's ghost (journeyman GnSh)
 21541 | Orc:1    | Noticed grizmgrazm2's ghost (journeyman TrFi)
 21541 | Orc:1    | Noticed Jano's ghost (novice MDFE)
 21704 | Orc:1    | Killed Jano's ghost
 21709 | Orc:1    | Killed grizmgrazm2's ghost
 21734 | Orc:1    | Killed grizmgrazm2's ghost
 21778 | Orc:1    | Identified the +8 halberd of Pion {drain, rF+}
 21816 | Orc:2    | Entered Level 2 of the Orcish Mines
 21829 | Orc:2    | Found a staircase to the Elven Halls.
 21902 | Orc:2    | Found a roughly hewn altar of Beogh.
 21905 | Orc:2    | Found Fuopogy's Jewellery Emporium.
 21906 | Orc:2    | Found Dusy's Antique Armour Emporium.
 21909 | Orc:2    | Received a gift from Okawaru
 21942 | Orc:2    | Found Vici's Antique Armour Shop.
 21954 | Orc:2    | Received a gift from Okawaru
 21955 | Orc:2    | Reached skill level 1 in Invocations
 21988 | Orc:2    | Found Cyalo's Book Shoppe.
 22142 | Orc:2    | Received a gift from Okawaru
 22482 | Orc:2    | Identified the +6 falchion "Rympob" {freeze, rPois Will+
                  | Str-2 Dex+2}
 22688 | D:15     | Entered Level 15 of the Dungeon
 22688 | D:15     | Found a runed translucent gate.
 22688 | D:15     | Found a runed translucent gate.
 22688 | D:15     | Found a runed translucent gate.
 22691 | D:15     | Noticed kuniqs's ghost (journeyman DsGl)
 22806 | D:15     | Reached XP level 16. HP: 143/151 MP: 13/16
 22821 | D:15     | Found a staircase to the Depths.
 23016 | D:15     | Received a gift from Okawaru
 23565 | D:15     | Killed kuniqs's ghost
 23593 | D:15     | Upgraded the game from 0.32-a0-875-g23b751d0ae to
                  | 0.32-a0-913-g739538afd8
 23751 | Spider:1 | Entered Level 1 of the Spider Nest
 23834 | Spider:1 | Received a gift from Okawaru
 24616 | Spider:2 | Reached skill level 15 in Dodging
 25474 | Spider:3 | Received a gift from Okawaru
 25552 | Spider:3 | Reached skill level 5 in Invocations
 25837 | Spider:4 | Entered Level 4 of the Spider Nest
 26018 | Spider:4 | Reached XP level 17. HP: 109/160 MP: 20/20
 26165 | Spider:4 | Received a gift from Okawaru
 26655 | Spider:4 | Got a gossamer rune of Zot
 27075 | Shoals:1 | Entered Level 1 of the Shoals
 27118 | Shoals:1 | Received a gift from Okawaru
 27189 | Shoals:1 | Noticed a kraken
 27208 | Shoals:1 | Killed a kraken
 27495 | Shoals:1 | Found Jocw's Magic Scroll Boutique.
 27509 | Shoals:1 | Bought a scroll of teleportation for 39 gold pieces
 27509 | Shoals:1 | Bought a scroll of teleportation for 39 gold pieces
 27509 | Shoals:1 | Bought a scroll of enchant armour for 97 gold pieces
 27509 | Shoals:1 | Bought a scroll of teleportation for 39 gold pieces
 27509 | Shoals:1 | Bought a scroll of revelation for 97 gold pieces
 27509 | Shoals:1 | Bought a scroll of fear for 52 gold pieces
 27509 | Shoals:1 | Bought a scroll of blinking for 97 gold pieces
 27589 | Shoals:1 | Noticed a titan
 27756 | Shoals:1 | Killed a titan
 27772 | Shoals:1 | Identified the ring of Music {rF++ rC+ rCorr}
 28472 | Shoals:2 | Received a gift from Okawaru
 28743 | Shoals:2 | Noticed a kraken
 28754 | Shoals:2 | Noticed a kraken
 28776 | Shoals:2 | Killed a kraken
 28828 | Shoals:2 | Killed a kraken
 28832 | Shoals:2 | Noticed Nikola
 28864 | Shoals:2 | Noticed a kraken
 28866 | Shoals:2 | Noticed a kraken
 28962 | Shoals:2 | Killed a kraken
 28965 | Shoals:2 | Killed a kraken
 28990 | Shoals:2 | Killed Nikola
 29380 | Shoals:3 | Reached XP level 18. HP: 171/171 MP: 22/22
 29450 | Shoals:3 | Received a gift from Okawaru
 29514 | Shoals:3 | Found Ofiuven's Jewellery Shop.
 29516 | Shoals:3 | Bought a ring of flight for 280 gold pieces
 30223 | Shoals:4 | Entered Level 4 of the Shoals
 30321 | Shoals:4 | Identified the staff of Reapportionment {rN+ Int+3 Necro}
 30424 | Shoals:4 | Identified the +5 hand axe of Ornamental Guilt {spect, rC+}
 30445 | Shoals:4 | Received a gift from Okawaru
 30949 | Shoals:4 | Got a barnacled rune of Zot
 30981 | Shoals:4 | Noticed Ilsuiw
 31002 | Shoals:4 | Received a gift from Okawaru
 31055 | Shoals:4 | Killed Ilsuiw
 31435 | Shoals:4 | Found Ufaunky's Antique Weapon Shoppe.
 31673 | Shoals:4 | Received a gift from Okawaru
 32027 | Vaults:1 | Entered Level 1 of the Vaults
 32120 | Vaults:1 | Identified the ring of Picacs {Fly rC+ rN++ Dex-3}
 32228 | Vaults:1 | Noticed Zenata
 32243 | Vaults:1 | Killed Zenata
 32812 | Vaults:1 | Received a gift from Okawaru
 32978 | Vaults:1 | Reached XP level 19. HP: 127/181 MP: 24/24
 33643 | Vaults:2 | Received a gift from Okawaru
 34220 | Vaults:2 | Received a gift from Okawaru
 34262 | Vaults:2 | Noticed a dread lich
 34291 | Vaults:2 | Killed a dread lich
 35201 | Vaults:3 | Reached skill level 10 in Invocations
 35321 | Vaults:3 | Received a gift from Okawaru
 35516 | Vaults:3 | Found a staircase to the Crypt.
 35931 | Vaults:3 | Reached XP level 20. HP: 191/191 MP: 26/26
 36532 | Vaults:4 | Received a gift from Okawaru
 37378 | Vaults:4 | Received a gift from Okawaru
 37388 | Vaults:4 | Identified the +6 hand axe "Plog" {freeze, Str+2 Int+3}
 38549 | Elf:1    | Entered Level 1 of the Elven Halls
 38646 | Elf:1    | Found a runed translucent door.
 38646 | Elf:1    | Noticed mojasp's ghost (veteran CoGl)
 38734 | Elf:1    | Killed mojasp's ghost
 38742 | Elf:1    | Identified the +10 quick blade of Atapewnom {venom, ^Contam
                  | rElec Str+2 Dex+2}
 39030 | Elf:1    | Received a gift from Okawaru
 39139 | Elf:1    | Paralysed by an air elemental for 1 turns
 39439 | Elf:1    | Found Saumna's Distillery.
 39449 | Elf:1    | Bought a potion of enlightenment for 60 gold pieces
 39449 | Elf:1    | Bought a potion of heal wounds for 60 gold pieces
 39449 | Elf:1    | Bought a potion of mutation for 96 gold pieces
 39449 | Elf:1    | Bought a potion of heal wounds for 60 gold pieces
 39449 | Elf:1    | Bought a potion of cancellation for 96 gold pieces
 39449 | Elf:1    | Bought a potion of curing for 36 gold pieces
 39449 | Elf:1    | Bought a potion of invisibility for 96 gold pieces
 39449 | Elf:1    | Bought a potion of curing for 36 gold pieces
 39607 | Abyss:2  | Cast into level 2 of the Abyss (a deep elf demonologist)
 39740 | Abyss:2  | Received a gift from Okawaru
 39850 | Abyss:2  | Found a corrupted altar of Lugonu.
 39861 | Elf:1    | Escaped the Abyss
 39874 | Elf:1    | Paralysed by an air elemental for 1 turns
 39880 | Elf:1    | Reached XP level 21. HP: 79/202 MP: 27/27
 40365 | Elf:2    | Received a gift from Okawaru
 40444 | Elf:2    | Lost mutation: Your system is resistant to poisons. (rPois)
                  | [potion of mutation]
 40444 | Elf:2    | Gained mutation: Armour fits poorly on your strangely
                  | shaped body. [potion of mutation]
 40445 | Elf:2    | Lost mutation: Armour fits poorly on your strangely shaped
                  | body. [potion of mutation]
 40445 | Elf:2    | Gained mutation: You passively map a small area around you.
                  | [potion of mutation]
 40635 | Elf:2    | Identified the ring "Fitudwo" {rN++ rCorr Str+6 Stlth-}
 40791 | Elf:2    | Found a runed translucent gate.
 40792 | Elf:2    | Found a runed translucent gate.
 40792 | Elf:2    | Found a runed translucent gate.
 40822 | Elf:2    | Paralysed by an air elemental for 1 turns
 40826 | Elf:2    | Paralysed by an air elemental for 1 turns
 41016 | Elf:2    | Received a gift from Okawaru
 41428 | Elf:3    | Entered Level 3 of the Elven Halls
 41494 | Elf:3    | Found Ynilosm's Weapon Shop.
 41784 | Elf:3    | Received a gift from Okawaru
 42288 | Abyss:3  | Cast into level 3 of the Abyss (a deep elf demonologist)
 42335 | Elf:3    | Escaped the Abyss
 42486 | Elf:3    | Received a gift from Okawaru
 42509 | Elf:3    | Identified the +6 glaive "Kedetecw" {heavy, +Blink rPois
                  | rC+ Int+2}
 42635 | Elf:3    | Reached XP level 22. HP: 204/206 MP: 28/28
 42848 | Elf:3    | Got the Vademecum on Amalgamated Power
 42858 | Elf:3    | Identified the +4 chain mail of Siroast {rN++ Will-}
 42989 | Elf:3    | Identified the +6 sling of the Heavens {flame, Str+4}
 42996 | Elf:3    | Identified the +5 mace of the Reaper {spect, rCorr Dex+3}
 43023 | Elf:3    | Identified the +1 plate armour of Filth {rPois Str+4 Dex-2}
 43024 | Elf:3    | Identified the +6 dagger "Ziuheituj" {flame, rC+ Will+}
 43033 | Elf:3    | Identified the +7 longbow of Interdependent Arising {drain,
                  | +Blink rC- Str+3}
 43040 | Elf:3    | Identified the +0 chain mail of Lacvips {Fly}
 43516 | Vaults:5 | Entered Level 5 of the Vaults
 43524 | Vaults:4 | Received a gift from Okawaru
 43848 | Vaults:5 | Received a gift from Okawaru
 43851 | Vaults:5 | Noticed an ancient lich
 43859 | Vaults:5 | Noticed an ancient lich
 43860 | Vaults:5 | Killed an ancient lich
 43864 | Vaults:5 | Killed an ancient lich
 44077 | Vaults:5 | Found Larelul's Antique Armour Boutique.
 44092 | Vaults:5 | Found Ozyut's Jewellery Shoppe.
 44092 | Vaults:5 | Paralysed by a sphinx for 5 turns
 44111 | Vaults:5 | Received a gift from Okawaru
 44339 | Vaults:5 | Found Piysejesm's General Store.
 44340 | Vaults:5 | Noticed a golden dragon
 44348 | Vaults:5 | Killed a golden dragon
 44378 | Vaults:5 | Bought a potion of resistance for 120 gold pieces
 44378 | Vaults:5 | Bought a scroll of fog for 48 gold pieces
 44378 | Vaults:5 | Bought a scroll of teleportation for 36 gold pieces
 44378 | Vaults:5 | Bought a potion of curing for 36 gold pieces
 44506 | Vaults:5 | Identified the +3 battleaxe of Breach {pain, ^Drain rPois
                  | rCorr Str+6}
 44727 | Vaults:5 | Received a gift from Okawaru
 44861 | Vaults:5 | Reached XP level 23. HP: 221/224 MP: 29/29
 44919 | Vaults:5 | Found Viphisoe's Magic Scroll Emporium.
 44939 | Vaults:5 | Bought a scroll of teleportation for 60 gold pieces
 44939 | Vaults:5 | Bought a scroll of enchant armour for 150 gold pieces
 44939 | Vaults:5 | Bought a scroll of blinking for 150 gold pieces
 44964 | Vaults:5 | Identified the ring "Atziapo" {+Blink rElec rN+ MP+9
                  | Stlth-}
 45091 | Vaults:5 | Identified the +3 spear "Nemm" {freeze, +Blink}
 45097 | Vaults:5 | Identified the +6 hand axe of Haluycw {vamp, +Blink rF+
                  | Str+3 Int-2}
 45169 | Vaults:5 | Got a silver rune of Zot
 45503 | Crypt:1  | Entered Level 1 of the Crypt
 45595 | Crypt:1  | Noticed a royal mummy
 45607 | Crypt:1  | Killed a royal mummy
 45607 | Crypt:1  | Received a gift from Okawaru
 45929 | Crypt:1  | Found a basalt altar of Yredelemnul.
 46142 | Crypt:1  | Noticed Khufu
 46378 | Crypt:1  | Identified the orb of Foolhardiness {light, -Tele Slay+5
                  | Hexes}
 46378 | Crypt:1  | Noticed Frederick
 46398 | Crypt:1  | Killed Frederick
 46414 | Crypt:1  | Killed Khufu
 46415 | Crypt:1  | Received a gift from Okawaru
 46786 | Crypt:2  | Found a magical portal.
 46795 | WizLab   | Entered Wucad Mu's Monastery
 46989 | WizLab   | Found the crystal ball of Wucad Mu {*channel}
 47102 | WizLab   | Reached XP level 24. HP: 235/235 MP: 29/29
 47507 | Crypt:2  | Identified the ring "Faowif" {Ice Stlth+}
 47507 | Crypt:2  | Noticed Josephina
 47524 | Crypt:2  | Killed Josephina
 47967 | Crypt:3  | Entered Level 3 of the Crypt
 48079 | Crypt:3  | Received a gift from Okawaru
 48220 | Crypt:3  | Found a basalt altar of Yredelemnul.
 48591 | Crypt:3  | Identified the ring "Rikhahan" {^Contam rF- rN++ rCorr
                  | Int+6 Slay+4}
 48591 | Crypt:3  | Identified the ring "Hyrethras" {Ice Fly rPois rN++ Str+9
                  | Stlth-}
 48591 | Crypt:3  | Identified the ring "Wamn" {Fly rN++ Dex+5}
 48823 | Crypt:3  | Found a staircase to the Tomb.
 48823 | Crypt:3  | Noticed a royal mummy
 48823 | Crypt:3  | Identified the staff of Stickiness {Int+3 Necro Earth}
 48832 | Crypt:3  | Killed a royal mummy
 48832 | Crypt:3  | Received a gift from Okawaru
 48994 | Crypt:3  | Reached XP level 25. HP: 243/243 MP: 29/29
 49445 | Depths:1 | Entered Level 1 of the Depths
 49735 | Depths:1 | Paralysed by something for 5 turns
 49891 | Depths:1 | Found an ancient bone altar of Kikubaaqudgha.
 49941 | Depths:1 | Found a gateway to Hell.
 50098 | Depths:1 | Found a runed translucent gate.
 50098 | Depths:1 | Found a runed translucent gate.
 50099 | Depths:1 | Found a runed translucent gate.
 50099 | Depths:1 | Noticed Hauff's ghost (veteran GrEE)
 50100 | Depths:1 | Noticed Pewaar's ghost (journeyman DsNe)
 50355 | Depths:2 | Received a gift from Okawaru
 50365 | Depths:2 | Found a one-way gate to the infinite horrors of the Abyss.
 51008 | Depths:1 | Identified the +0 quarterstaff of Conformity {protect,
                  | *Corrode rPois MP+9 SInv}
 51023 | Depths:2 | Received a gift from Okawaru
 51056 | Depths:2 | Found a one-way gate leading to the halls of Pandemonium.
 51057 | Depths:2 | Gained mutation: Armour fits poorly on your strangely
                  | shaped body. [a cacodemon]
 51258 | Depths:2 | Identified the ring "Quoss" {Fly rF+ Int-3 SInv}
 51358 | Depths:2 | Found Muaxijak's General Store.
 51366 | Depths:2 | Bought a potion of enlightenment for 110 gold pieces
 51366 | Depths:2 | Bought a scroll of blinking for 165 gold pieces
 51366 | Depths:2 | Bought a scroll of revelation for 165 gold pieces
 51366 | Depths:2 | Bought an amulet of regeneration for 660 gold pieces
 51395 | Depths:2 | Found a hide-covered altar of Uskayaw.
 51404 | Depths:2 | Identified the +7 flail of Gaegudish {elec, *Noise Str+3
                  | SInv}
 51890 | Depths:3 | Found a one-way gateway to a ziggurat.
 52221 | Depths:3 | Received a gift from Okawaru
 52940 | Depths:4 | Entered Level 4 of the Depths
 53021 | Depths:4 | Found Rilahez's Antique Weapon Boutique.
 53040 | Depths:4 | Received a gift from Okawaru
 53120 | Depths:4 | Found Ceajiuxt's Assorted Antiques.
 53120 | Depths:4 | Found Noatyra's Book Shop.
 53121 | Depths:4 | Found Xyjit's Magic Scroll Boutique.
 53125 | Depths:4 | Bought a scroll of teleportation for 33 gold pieces
 53125 | Depths:4 | Bought a scroll of blinking for 82 gold pieces
 53125 | Depths:4 | Bought a scroll of teleportation for 33 gold pieces
 53125 | Depths:4 | Found Pome Ciu's Armour Shop.
 53150 | Depths:4 | Bought a scroll of blinking for 307 gold pieces
 53150 | Depths:4 | Bought a scroll of teleportation for 123 gold pieces
 53198 | Depths:4 | Reached XP level 26. HP: 248/256 MP: 29/29
 53234 | Depths:4 | Found a gate to the Realm of Zot.
 54217 | Slime:1  | Entered Level 1 of the Pits of Slime
 54226 | Slime:1  | Received a gift from Okawaru
 54280 | Slime:1  | Found a viscous altar of Jiyva.
 54373 | Slime:3  | Gained mutation: Your health recovers twice as slowly from
                  | being drained. [a shining eye]
 54376 | Slime:3  | Gained mutation: You occasionally lose the ability to read
                  | scrolls when taking damage. [a shining eye]
 54378 | Slime:3  | Gained mutation: You sometimes lose the ability to read
                  | scrolls when taking damage. [a shining eye]
 54380 | Slime:3  | Gained mutation: You are frail. (-10% HP) [a shining eye]
 54396 | Slime:3  | Gained mutation: You occasionally lose the ability to drink
                  | potions when taking damage. [a shining eye]
 54406 | Slime:3  | Gained mutation: You are very frail. (-20% HP) [a shining
                  | eye]
 54412 | Slime:3  | Gained mutation: You are extremely frail. (-30% HP) [a
                  | shining eye]
 54414 | Slime:3  | Gained mutation: Your body sometimes deteriorates upon
                  | taking damage. [a shining eye]
 54416 | Slime:3  | Gained mutation: You are weak. (Str -2) [a shining eye]
 54524 | Slime:4  | Lost mutation: You are weak. (Str -2) [a shining eye]
 54525 | Slime:4  | Gained mutation: You are clumsy. (Dex -2) [a shining eye]
 54654 | Slime:5  | Entered Level 5 of the Pits of Slime
 54701 | Slime:5  | Found a viscous altar of Jiyva.
 54805 | Slime:5  | Noticed the Royal Jelly
 54820 | Slime:5  | Killed the Royal Jelly
 54956 | Slime:5  | Identified the +7 plate armour of the Desolation of Salt
                  | {rN+}
 54996 | Slime:5  | Identified the ring of Qatatext {rElec rN+ EV+5}
 54999 | Slime:5  | Got the Omnibus of Sparks and Dislocation
 55021 | Slime:5  | Identified the ring "Jofetaiwuext" {Wiz rC+ Slay+3}
 55062 | Slime:5  | Received a gift from Okawaru
 55068 | Slime:5  | Got a slimy rune of Zot
 55097 | Slime:5  | Gained mutation: You are vulnerable to cold. (rC-) [a
                  | shining eye]
 55231 | Slime:5  | Got the Anthology of the Blinking Icicle
 55233 | Slime:5  | Identified the staff "Demon's Curse" {rElec rC+ rN+ Int+7
                  | Earth}
 55318 | Lair:4   | Lost mutation: You are vulnerable to cold. (rC-) [potion of
                  | mutation]
 55318 | Lair:4   | Lost mutation: Your health recovers twice as slowly from
                  | being drained. [potion of mutation]
 55318 | Lair:4   | Lost mutation: You are extremely frail. (-30% HP) [potion
                  | of mutation]
 55318 | Lair:4   | Lost mutation: Your body sometimes deteriorates upon taking
                  | damage. [potion of mutation]
 55319 | Lair:4   | Lost mutation: Armour fits poorly on your strangely shaped
                  | body. [potion of mutation]
 55319 | Lair:4   | Lost mutation: You are clumsy. (Dex -2) [potion of
                  | mutation]
 55319 | Lair:4   | Lost mutation: You occasionally lose the ability to drink
                  | potions when taking damage. [potion of mutation]
 55319 | Lair:4   | Gained mutation: You have large cloven feet. [potion of
                  | mutation]
 55320 | Lair:4   | Lost mutation: You passively map a small area around you.
                  | [potion of mutation]
 55320 | Lair:4   | Lost mutation: You are very frail. (-20% HP) [potion of
                  | mutation]
 55320 | Lair:4   | Lost mutation: You sometimes lose the ability to read
                  | scrolls when taking damage. [potion of mutation]
 55320 | Lair:4   | Gained mutation: Your muscles are strong. (Str +4, Int/Dex
                  | -1) [potion of mutation]
 55320 | Lair:4   | Lost mutation: You are frail. (-10% HP) [potion of
                  | mutation]
 55321 | Lair:4   | Lost mutation: You have large cloven feet. [potion of
                  | mutation]
 55321 | Lair:4   | Lost mutation: Your muscles are strong. (Str +4, Int/Dex
                  | -1) [potion of mutation]
 55321 | Lair:4   | Gained mutation: Your spells are a little harder to cast,
                  | but a little more powerful. [potion of mutation]
 55322 | Lair:4   | Lost mutation: Your spells are a little harder to cast, but
                  | a little more powerful. [potion of mutation]
 55322 | Lair:4   | Lost mutation: You occasionally lose the ability to read
                  | scrolls when taking damage. [potion of mutation]
 55322 | Lair:4   | Gained mutation: You are clumsy. (Dex -2) [potion of
                  | mutation]
 55322 | Lair:4   | Gained mutation: You expend magic power (3 MP) to
                  | strengthen your wands. [potion of mutation]
 55616 | Zig:1    | Entered Level 1 of a ziggurat
 55633 | Zig:2    | Entered Level 2 of a ziggurat
 55633 | Zig:2    | Noticed Juavud the pandemonium lord
 55640 | Zig:2    | Killed Juavud the pandemonium lord
 55671 | Zig:3    | Entered Level 3 of a ziggurat
 55695 | Zig:4    | Entered Level 4 of a ziggurat
 55724 | Zig:5    | Entered Level 5 of a ziggurat
 55810 | Zig:6    | Entered Level 6 of a ziggurat
 55818 | Zig:6    | Noticed an ancient lich
 55828 | Zig:6    | Killed an ancient lich
 55839 | Zig:6    | Identified the +4 short sword "Caask" {speed, Str+6 Dex-2}
 55848 | Zig:6    | Noticed an ancient lich
 56005 | Zig:6    | Reached XP level 27. HP: 266/266 MP: 29/29
 56011 | Zig:7    | Entered Level 7 of a ziggurat
 56022 | Zig:7    | Reached skill level 27 in Armour
 56066 | Zig:7    | Identified the +0 mace "Eqaaryuf" {freeze, rElec rF+}
 56102 | Zig:8    | Entered Level 8 of a ziggurat
 56170 | Zig:8    | Identified the ring "Exepicutz" {+Blink rF+ Will- Str-3
                  | Int+3}
 56194 | Zig:9    | Entered Level 9 of a ziggurat
 56223 | Zig:9    | Received a gift from Okawaru
 56325 | Zig:9    | Identified the +6 dagger of Geogug {elec, rF+ Int+2 Dex-5
                  | Stlth+}
 56335 | Zig:9    | Identified the +0 robe of Patience {rElec Int-4 Archmagi}
 56339 | Zig:10   | Entered Level 10 of a ziggurat
 56347 | Zig:10   | Noticed a royal mummy
 56352 | Zig:10   | Noticed a royal mummy
 56354 | Zig:11   | Entered Level 11 of a ziggurat
 56381 | Zig:11   | Paralysed by accursed screaming for 1 turns
 56385 | Zig:11   | Paralysed by accursed screaming for 2 turns
 56676 | Zig:12   | Entered Level 12 of a ziggurat
 56676 | Zig:12   | Noticed a dread lich
 56697 | Zig:12   | Killed a dread lich
 56699 | Zig:12   | Received a gift from Okawaru
 56837 | Zig:12   | Identified the flux talisman of Intuition {rC+ rCorr}
 56841 | Zig:12   | Identified the +4 orcbow "Epee" {flame, MP+9}
 56849 | Zig:13   | Entered Level 13 of a ziggurat
 56861 | Zig:13   | Noticed a royal mummy
 56864 | Zig:13   | Noticed a royal mummy
 56864 | Zig:13   | Found the +7 Spriggan's Knife {stab, EV+4 Stlth+}
 57026 | Zot:1    | Entered Level 1 of the Realm of Zot
 57418 | Zot:1    | Identified the staff "Malonai" {rElec rC+ Air}
 57418 | Zot:1    | Paralysed by an air elemental for 1 turns
 57421 | Zot:1    | Paralysed by an air elemental for 1 turns
 57451 | Zot:1    | Reached skill level 27 in Axes
 57626 | Zot:1    | Received a gift from Okawaru
 59222 | Zot:2    | Received a gift from Okawaru
 59843 | Zot:2    | Reached skill level 27 in Fighting
 60125 | Zot:3    | Received a gift from Okawaru
 60130 | Zot:3    | Reached skill level 27 in Shields
 60601 | Zot:3    | Reached skill level 27 in Dodging
 60665 | Zot:3    | Reached skill level 1 in Spellcasting
 60819 | Zot:3    | Received a gift from Okawaru
 61973 | Zot:5    | Entered Level 5 of the Realm of Zot
 62145 | Depths:4 | Voluntarily entered the Abyss.
 62199 | Abyss:3  | Gained mutation: You occasionally lose the ability to read
                  | scrolls when taking damage. [a neqoxec]
 62204 | Abyss:3  | Paralysed by accursed screaming for 1 turns
 62220 | Abyss:3  | Paralysed by accursed screaming for 1 turns
 62241 | Abyss:3  | Reached skill level 5 in Spellcasting
 62314 | Abyss:3  | Found a transporter.
 62335 | Abyss:3  | Paralysed by accursed screaming for 1 turns
 62353 | Abyss:3  | Paralysed by accursed screaming for 1 turns
 62364 | Abyss:3  | Paralysed by accursed screaming for 2 turns
 62374 | Abyss:3  | Noticed an ancient lich
 62377 | Abyss:3  | Found a corrupted altar of Lugonu.
 62509 | Abyss:3  | Found a corrupted altar of Lugonu.
 62573 | Abyss:3  | Paralysed by accursed screaming for 1 turns
 62780 | Abyss:3  | Noticed a dread lich
 62784 | Abyss:3  | Killed a dread lich
 62805 | Abyss:3  | Received a gift from Okawaru
 63290 | Depths:4 | Escaped the Abyss
 63317 | Depths:4 | Voluntarily entered the Abyss.
 63319 | Abyss:3  | Gained mutation: You occasionally shout uncontrollably at
                  | your foes. [a cacodemon]
 63351 | Abyss:3  | Found a corrupted altar of Lugonu.
 63392 | Abyss:3  | Paralysed by accursed screaming for 1 turns
 63393 | Abyss:3  | Received a gift from Okawaru
 63414 | Abyss:3  | Got an abyssal rune of Zot
 63504 | Depths:4 | Escaped the Abyss
 63505 | Depths:4 | Lost mutation: You are clumsy. (Dex -2) [potion of
                  | mutation]
 63505 | Depths:4 | Lost mutation: You expend magic power (3 MP) to strengthen
                  | your wands. [potion of mutation]
 63505 | Depths:4 | Lost mutation: You occasionally lose the ability to read
                  | scrolls when taking damage. [potion of mutation]
 63505 | Depths:4 | Gained mutation: You are covered in fur. (AC +1) [potion of
                  | mutation]
 63505 | Depths:4 | Gained mutation: You are weak. (Str -2) [potion of
                  | mutation]
 63506 | Depths:4 | Lost mutation: You occasionally shout uncontrollably at
                  | your foes. [potion of mutation]
 63506 | Depths:4 | Lost mutation: You are covered in fur. (AC +1) [potion of
                  | mutation]
 63506 | Depths:4 | Lost mutation: You are weak. (Str -2) [potion of mutation]
 63506 | Depths:4 | Gained mutation: You are strong-willed. (Will+) [potion of
                  | mutation]
 63506 | Depths:4 | Gained mutation: You passively map a small area around you.
                  | [potion of mutation]
 63506 | Depths:4 | Gained mutation: Your magical capacity is low. (-10% MP)
                  | [potion of mutation]
 63506 | Depths:4 | Gained mutation: You are partially covered in iridescent
                  | scales. (AC +2) [potion of mutation]
 63583 | Hell     | Entered the Vestibule of Hell
 63583 | Hell     | Noticed Geryon
 63583 | Hell     | Noticed Murray
 63699 | Depths:4 | Killed Murray
 63734 | Depths:4 | Reached skill level 10 in Spellcasting
 63897 | Hell     | Killed Geryon
 63984 | Hell     | Found a gateway to the decaying netherworld of Tartarus.
 64120 | Depths:4 | Upgraded the game from 0.32-a0-913-g739538afd8 to
                  | 0.32-a0-976-g7161d331b1
 64438 | Zot:5    | Received a gift from Okawaru
 64730 | Zot:5    | Noticed a dread lich
 64731 | Zot:5    | Noticed a dread lich
 64734 | Zot:5    | Noticed an ancient lich
 64736 | Zot:5    | Noticed an orb of fire
 64737 | Zot:5    | Noticed an orb of fire
 64747 | Zot:5    | Noticed an orb of fire
 64751 | Zot:5    | Gained mutation: You are weak. (Str -2) [an orb of fire]
 64759 | Zot:5    | Gained mutation: Your health recovers twice as slowly from
                  | being drained. [an orb of fire]
 64760 | Zot:5    | Noticed an orb of fire
 64761 | Zot:5    | Killed an orb of fire
 64766 | Zot:5    | Noticed a dread lich
 64767 | Zot:5    | Gained mutation: You are vulnerable to cold. (rC-) [an orb
                  | of fire]
 64768 | Zot:5    | Noticed a dread lich
 64768 | Zot:5    | Noticed a dread lich
 64770 | Zot:5    | Killed an orb of fire
 64772 | Zot:5    | Killed a dread lich
 64777 | Zot:5    | Gained mutation: Your body sometimes deteriorates upon
                  | taking damage. [an orb of fire]
 64784 | Zot:5    | Killed an orb of fire
 64787 | Zot:5    | Killed a dread lich
 64789 | Zot:5    | Killed an ancient lich
 64791 | Zot:5    | Killed an orb of fire
 64801 | Zot:5    | Killed a dread lich
 64801 | Zot:5    | Received a gift from Okawaru
 64822 | Zot:4    | Killed a dread lich
 64889 | Zot:5    | Killed a dread lich
 64942 | Zot:5    | Received a gift from Okawaru
 65125 | Zot:5    | Noticed a dread lich
 65132 | Zot:5    | Killed a dread lich
 65132 | Zot:5    | Noticed an ancient lich
 65142 | Zot:5    | Killed an ancient lich
 65217 | Zot:5    | Identified the +8 mace "Noamnaoq" {pain, Dex+2}
 65436 | Zot:5    | Lost mutation: You are weak. (Str -2) [potion of mutation]
 65436 | Zot:5    | Lost mutation: You are vulnerable to cold. (rC-) [potion of
                  | mutation]
 65436 | Zot:5    | Lost mutation: You passively map a small area around you.
                  | [potion of mutation]
 65436 | Zot:5    | Lost mutation: Your body sometimes deteriorates upon taking
                  | damage. [potion of mutation]
 65436 | Zot:5    | Gained mutation: Your body sometimes deteriorates upon
                  | taking damage. [potion of mutation]
 65436 | Zot:5    | Gained mutation: You passively map a small area around you.
                  | [potion of mutation]
 65960 | Zot:5    | Got the Orb of Zot
 66120 | Zot:1    | Noticed Kikhuwom the pandemonium lord
 66174 | Depths:3 | Noticed Vothrizxu the pandemonium lord
 66439 | D:6      | Noticed Hotafem the pandemonium lord
 66448 | D:6      | Killed Hotafem the pandemonium lord
 66615 | D:1      | Noticed Kucrob the pandemonium lord
 66616 | D:$      | Escaped with the Orb!

Illustrated notes

Levels and vault maps discovered:
D:1:      minmay_arrival_wavy_path, layout_basic,
          nicolae_ecumenical_snake_handling, minmay_hedge_maze
D:2:      layout_rooms, kennysheep_big_empty_room, uniq_sigmund
D:3:      layout_basic, lemuel_crystal_altar, okawaru_trees_2,
          mainiacjoe_overflow_surrounded_room, portal_sewer_entry_a,
          serial_shops, shop, hellmonk_no_cap, uniq_robin, uniq_terence,
          uniq_grinder
D:4:      layout_basic, mainiacjoe_overflow_tiny_flanked,
          kb_xom_exploding_sheep, mainiacjoe_overflow_concentric_impassable,
          mainiacjoe_overflow_24_doors, minmay_misc_feat_chi,
          nicolae_inconvenience_store, grunt_ministairs_9,
          minmay_hollow_rounded_squares, uniq_menkaure
D:5:      layout_loops_corners, beargit_hepliaklqana_dungeon_heroes,
          nicolae_overflow_squiral, minmay_misc_feat_tower,
          grunt_decor_mini_mirrors, minmay_misc_feat_diagonals,
          nicolae_shop_i_like_small_books_too, uniq_duvessa
D:6:      layout_rooms, minmay_temple_entry_large_hall, uniq_blork_the_orc,
          uniq_pikel, uniq_prince_ribbit1
D:7:      layout_loops_ring, trog_three_pillars_becter, grunt_gozag_statues,
          minivault_22, hangedman_decor_slide_cut, hangedman_decor_push,
          uniq_maggie
D:8:      minmay_octagon_keep, layout_basic, palyth_temple_overflow_mages,
          serial_ice, serial_ice_c, serial_ice_k, serial_ice_n, serial_ice_d,
          serial_ice_a
D:9:      layout_cave_pods, mainiacjoe_overflow_paths
D:10:     layout_roguey, dpeg_lair_monsters, erik_orc_1, uniq_grum
D:11:     layout_loops_ring, minmay_stone_trees_small
D:12:     layout_loops_ring, nicolae_underground_beach
D:13:     layout_long_grid, ximxim_vaults_locker_room, fedhas_altar_1
D:14:     layout_basic, lemuel_blue_sif_altar
D:15:     gammafunk_depths_entry_grave, layout_gridville,
          gammafunk_ghost_necromancy
Temple:   nicolae_temple_superstar
Lair:1:   minmay_lair_oklob_chamber, layout_layer_cave, portal_ice_cave_rime,
          infiniplex_staircase_pool_2
Lair:2:   minmay_guarded_unrand_snakebite, layout_chaotic_city,
          nicolae_spider_entry_tight_spaces
Lair:3:   layout_regular_city, nicolae_shoals_entry_roost, beast_lair_carwin_7
Lair:4:   layout_small_grid, minmay_slime_entry_pillars,
          nicolae_quartered_pool_little, minivault_19, pdpol_lair_cavern_descent
Lair:5:   hangedman_lair_in_review, layout_regular_city,
          guppyfry_lair_end_dragon, serial_bayou_lagoon_a, uniq_urug
Shoals:1: cheibrodos_shoals_gigantism, layout_shoals, serial_shops, shop
Shoals:2: layout_shoals, nicolae_shoals_kraken_party, uniq_nikola
Shoals:3: layout_shoals, serial_shops, nicolae_shop_gaudy_bauble
Shoals:4: shoals_end_hangedman, layout_shoals, shoals_ilsuiw_ice, serial_shops,
          shop
Spider:1: layout_spider_delve, drop_trap
Spider:2: layout_cave_pods, guppyfry_hornet_nest
Spider:3: layout_spider_delve
Spider:4: grunt_spider_rune_island
Slime:1:  cheibrodos_slime_lost_civilization_8, layout_caves, basic_altar
Slime:2:  layout_caves
Slime:3:  layout_caves, cheibrodos_slime_lost_civilization_4
Slime:4:  layout_caves
Slime:5:  slime_pit_nicolae_jellycorners
Orc:1:    layout_caves, gammafunk_ghost_cemetery
Orc:2:    st_orc_open, layout_diamond_mine, basic_altar, minmay_orc_treasury
Elf:1:    eino_elf_arrival_sip, layout_rooms, ebering_ghost_inner_flame,
          serial_shops, shop, hangedman_elven_crosses_minicolossus,
          hex_intersection, minmay_elf_sorcery
Elf:2:    nicolae_elf_blades_crystal_corner, layout_gridlike
Elf:3:    minmay_elf_hall_four_x, layout_loops_cross, serial_shops,
          nicolae_shop_tiny_real_fake_doors
Vaults:1: ontoclasm_vaults_decontamination, vaults_room_corners,
          nicolae_vaults_octagons, vaults_room_boxed,
          nicolae_vaults_three_branches, vaults_room_fours,
          layout_vaults_omnigrid, uniq_zenata
Vaults:2: nicolae_vaults_you_can_take_it_with_you, hangedman_vaults_slither,
          nicolae_vaults_mini_display_case, vaults_mumra_minichess_inversion,
          nicolae_vaults_little_squares_5, nicolae_vaults_little_ls,
          nicolae_vaults_octothorpe, nicolae_vaults_diamond_1,
          ontoclasm_vaults_spin, nicolae_vaults_more_shelving_1,
          nicolae_vaults_little_squares_6, nicolae_vaults_double_plus_2,
          lightli_orcish_oven, ontoclasm_vaults_gateway, layout_vaults_omnicross
Vaults:3: nicolae_vaults_little_squares_3, minmay_crypt_entry_vampire_xt,
          v_misc_16, v_pattern_3, nicolae_vaults_storage_closets_2,
          nicolae_vaults_turnstiles, minmay_orc_keep, vaults_room_grid,
          vaults_room_corners, layout_vaults_big_room
Vaults:4: vaults_mumra_chevron, nicolae_vaults_trapezoid_2,
          grunt_vaults_diagonal, nicolae_vaults_trapezoid_lopsided_2,
          kennysheep_ogre_elephant_herders, grunt_vaults_twisty,
          nicolae_vaults_trapezoid_lopsided_4, v_rooms_6,
          hangedman_vaults_stagger, nicolae_vaults_closet_pinwheel_2,
          nicolae_vaults_little_squares_2, layout_vaults_ring, uniq_margery
Vaults:5
Crypt:1:  layout_gridlike, lemuel_statue_altar, grunt_crypt_arrival_split,
          grunt_megastairs_2, uniq_frederick, uniq_khufu
Crypt:2:  layout_rooms, mu_enter_wizlab_5, chequers_hall_statues_corner_a,
          uniq_josephina
Crypt:3:  grunt_crypt_end_deaths_head
Depths:1: layout_cave_shapes, gammafunk_ghost_cemetery, hellmouth_1,
          kennysheep_path_1, minmay_strange_pillars, kennysheep_vampire_church,
          serial_bayou_shore_b, firewood_loft
Depths:2: minmay_spiral_squares, layout_gridlike, serial_shops, shop_fountains,
          hell_entry, rand_demon_pan_entry_5,
          regret_index_abyss_entry_already_here, glass_columns_a,
          eat_drink_and_be_merry_uskayaw, minmay_staircase_windowed_small
Depths:3: gammafunk_mikee_crab_dinner, layout_long_grid, enter_ziggurat_e,
          grunt_mini_vestibule, nicolae_abyss_entry_one_way_or_another,
          minmay_door_square, kennysheep_cluttered_room
Depths:4: grunt_zot_entry_pinwheel, layout_cave_shapes, serial_shops,
          nicolae_shop_waterfront, grunt_hell_entry_dis_mu,
          abyss_entry_glasseish, chequers_decorated_corner, minmay_shoptagon
Hell
Zot:1:    infiniplex_zot_generator, layout_misc_corridors,
          regret_index_zotdec_decaying_basic
Zot:2:    layout_gridlike, regret_index_zotdec_glowing_original,
          grunt_megastairs_5
Zot:3:    layout_basic, st_large_dragon_hoard_3, uniq_grunn
Zot:4:    layout_cathedral_of_symmetry
Zot:5:    layout_twisted_circle

Skill      XL: |  1  2  3  4  5  6  7  8  9 10 11 12 13 14 15 16 17 18 19 20 21 22 23 24 25 26 27 |
---------------+----------------------------------------------------------------------------------+-----
Dodging        | 1 2 3 4 5 6 8 9 11 12 13 14 15 16 17 18 19 20 21 22 24 27 | 27.0
Armour         | 4 5 6 7 8 9 11 12 13 14 16 17 18 19 20 21 22 23 25 26 27 | 27.0
Fighting       | 4 5 6 7 8 9 11 12 13 14 15 16 17 18 19 20 21 22 23 24 25 27 | 27.0
Shields        | 4 5 6 7 8 9 11 12 13 14 15 16 17 18 19 20 21 22 23 24 25 27 | 27.0
Axes           | 3 4 5 6 8 9 10 12 13 14 15 16 17 18 19 20 21 22 23 24 25 27 | 27.0
Invocations    | 2 5 7 8 10 | 10.0
Spellcasting   | 14 | 14.7

Action                     |  1- 3 |  4- 6 |  7- 9 | 10-12 | 13-15 | 16-18 | 19-21 | 22-24 | 25-27 || total
---------------------------+-------+-------+-------+-------+-------+-------+-------+-------+-------++-------
  Melee: War axe           |    50 |    83 |   424 |   600 |       |       |       |       |       ||  1157
         Headbutt          |     6 |    14 |    96 |   158 |   274 |   428 |   377 |   174 |   564 ||  2091
         Whip              |     8 |     2 |       |       |       |       |       |       |       ||    10
         Broad axe         |       |       |       |    73 |  1057 |  1620 |  1529 |   794 |  2129 ||  7202
  Throw: Throwing net      |       |       |       |       |       |       |       |       |     1 ||     1
 Invoke: Heroism           |       |       |       |       |     9 |     7 |     7 |    13 |    18 ||    54
         Receive Weapon    |       |       |       |       |     1 |       |       |       |       ||     1
         Receive Armour    |       |       |       |       |     1 |       |       |       |       ||     1
         Finesse           |       |       |       |       |       |       |       |       |     1 ||     1
  Evoke: Phial of floods   |       |       |     1 |     2 |       |       |     1 |       |     1 ||     5
         Wand              |       |       |       |     6 |       |     3 |     2 |       |    10 ||    21
         Lightning rod     |       |       |       |       |       |     1 |     7 |       |       ||     8
         Condenser vane    |       |       |       |       |       |     1 |     1 |       |     1 ||     3
    Use: Scroll            |     1 |     3 |    13 |     6 |     8 |     9 |    14 |     4 |    19 ||    77
         Potion            |       |     1 |     4 |     4 |     3 |     6 |     9 |     9 |    53 ||    89
   Stab: Invisible         |       |       |       |       |       |       |       |    10 |    21 ||    31
         Paralysed         |       |       |       |       |       |       |       |       |     1 ||     1
         Distracted        |       |       |       |       |       |       |       |       |     2 ||     2
 Armour: Scale mail        |    52 |    72 |    70 |       |     1 |       |       |       |       ||   195
         Chain mail        |       |       |   202 |   392 |    66 |       |       |       |       ||   660
         Plate armour      |       |       |       |       |   192 |   512 |   696 |   594 |  1252 ||  3246
         Crystal plate arm |       |       |       |       |       |       |       |       |   785 ||   785
  Dodge: Dodged            |    28 |    43 |   155 |   380 |   354 |   428 |   311 |   444 |  1388 ||  3531
  Block: Buckler           |    12 |    24 |    81 |   203 |       |       |       |       |       ||   320
         Kite shield       |       |       |       |    12 |   765 |  1132 |   943 |   989 |  2478 ||  6319
         Reflection        |       |       |       |       |    13 |    72 |   120 |    29 |    18 ||   252

Table legend: (Time is in decaauts)
 A = Elapsed time spent in this place.
 B = Non-inter-level travel time spent in this place.
 C = Inter-level travel time spent in this place.
 D = Time resting spent in this place.
 E = Time spent auto-exploring this place.
 F = Levels seen in this place.
 G = Mean time per level.
                   A        B        C        D        E       F      G
               +--------+--------+--------+--------+--------+-----+--------+
         Total |  65786 |  60004 |   5782 |   4647 |  37851 |  77 |  854.4 |
       Dungeon |  16947 |  15277 |   1670 |    858 |  11012 |  15 | 1129.8 |
        Temple |      1 |      1 |      0 |      0 |      0 |   1 |    1.0 |
          Lair |   5592 |   5074 |    518 |    141 |   3898 |   5 | 1118.4 |
        Shoals |   4654 |   4387 |    267 |    479 |   2558 |   4 | 1163.5 |
   Spider Nest |   3061 |   2894 |    167 |      0 |   2214 |   4 |  765.2 |
    Slime Pits |   1088 |   1033 |     55 |    292 |     89 |   5 |  217.6 |
  Orcish Mines |   1263 |   1104 |    159 |      0 |    833 |   2 |  631.5 |
   Elven Halls |   4295 |   4162 |    133 |    628 |   2243 |   3 | 1431.7 |
        Vaults |   8150 |   7387 |    763 |    613 |   4915 |   5 | 1630.0 |
         Crypt |   3346 |   3098 |    248 |    146 |   1827 |   3 | 1115.3 |
        Depths |   5455 |   4597 |    858 |    280 |   2882 |   4 | 1363.8 |
          Hell |    284 |    268 |     16 |      0 |    122 |   1 |  284.0 |
           Zot |   7026 |   6102 |    924 |    642 |   3751 |   5 | 1405.2 |
         Abyss |   1708 |   1708 |      0 |    169 |    422 |   4 |  427.0 |
      Ziggurat |   1252 |   1252 |      0 |    315 |    274 |  13 |   96.3 |
         Sewer |    657 |    657 |      0 |      0 |    367 |   1 |  657.0 |
      Ice Cave |    564 |    564 |      0 |      0 |    304 |   1 |  564.0 |
        Wizlab |    434 |    434 |      0 |     81 |    136 |   1 |  434.0 |
               +--------+--------+--------+--------+--------+-----+--------+

Top non-repeatable levels by time:
   Zot:1: 2406 daAuts
Vaults:4: 2063 daAuts
Vaults:2: 1811 daAuts
Depths:2: 1763 daAuts
Vaults:5: 1714 daAuts
    D:12: 1680 daAuts
   Elf:3: 1622 daAuts
Depths:4: 1589 daAuts
Shoals:1: 1514 daAuts
 Abyss:3: 1450 daAuts
   Elf:1: 1435 daAuts
     D:4: 1414 daAuts
  Lair:4: 1405 daAuts
     D:5: 1370 daAuts
   Zot:5: 1346 daAuts
